 Dungeon Crawl Stone Soup version 0.17-b1-36-g7b1967c (webtiles) character file.

149 Britaniac the Ruffian (level 5, -1/45 HPs)
             Began as a Naga Transmuter on Nov 6, 2015.
             Slain by a hippogriff (5 damage)
             ... on level 3 of the Dungeon.
             The game lasted 00:08:23 (3061 turns).

Britaniac the Ruffian (Naga Transmuter)             Turns: 3061, Time: 00:08:23

Health: -1/45      AC:  6    Str: 12    XL:     5   Next: 31%
Magic:  17/17      EV:  3    Int: 15    God:
Gold:   106        SH:  0    Dex: 11    Spells: 1 memorised, 7 levels left

rFire  . . .     SeeInvis +     s - +0 long sword
rCold  . . .     Clarity  .     f - +0 chain mail
rNeg   . . .     SustAt   .     (no shield)
rPois  +         Gourm    .     (no helmet)
rElec  .         Spirit   .     (no cloak)
rCorr  .         Warding  .     (no gloves)
rMut   .         Stasis   .     (no barding)
MR     .....                    (no amulet)
Stlth  ..........               (no ring)
                                y - ring of magical power

@: short of breath, very slow, not resistant to hostile enchantments, extremely
unstealthy
A: see invisible, deformed body, poison resistance, slowness 2, slow metabolism
1, spit poison 2, AC +1
a: Spit Poison


You were on level 3 of the Dungeon.
You were hungry.

You visited 1 branch of the dungeon, and saw 3 of its levels.

You collected 106 gold pieces.

Inventory:

Hand Weapons
 s - a +0 long sword (weapon)
Missiles
 a - 44 arrows
 p - 14 arrows of flame
Armour
 f - a +0 chain mail (worn)
Jewellery
 y - a ring of magical power (left hand)
Wands
 t - a wand of digging (11)
Scrolls
 i - a scroll of identify {unknown}
 j - 4 scrolls of noise {unknown}
 l - a scroll of fog {unknown}
 m - a scroll of fear {unknown}
 n - a scroll of remove curse {unknown}
 o - 3 scrolls of enchant armour {unknown}
 q - a scroll of immolation {unknown}
 x - a scroll of blinking {unknown}
Potions
 e - 2 potions of mutation {unknown}
 g - 3 potions of curing {unknown}
 h - 3 potions of heal wounds {unknown}
 r - a potion of resistance {unknown}
 z - a potion of degeneration {unknown}
Books
 c - a book of Changes

   Spells                             Type                      Level
   a - Beastly Appendage              Transmutation                1
   b - Sticks to Snakes               Transmutation                2
   c - Spider Form                    Transmutation/Poison         3
   d - Ice Form                       Ice/Transmutation            4
   e - Blade Hands                    Transmutation                5
 w - a book of the Sky

   Spells                             Type                      Level
   a - Summon Lightning Spire         Summoning/Air                4
   b - Airstrike                      Air                          4
   c - Silence                        Hexes/Air                    5
   d - Deflect Missiles               Charms/Air                   6
   e - Conjure Ball Lightning         Conjuration/Air              6
   f - Tornado                        Air                          9
Comestibles
 b - 7 fruits
 d - 3 bread rations
 k - 2 meat rations
 u - a slice of pizza
 v - a chunk of flesh


   Skills:
 + Level 1.7 Fighting
 + Level 1.7 Armour
 + Level 2.1 Dodging
 + Level 4.3 Unarmed Combat
 + Level 2.3 Spellcasting
 + Level 2.2 Transmutations


You had 7 spell levels left.
You knew the following spells:

 Your Spells              Type           Power        Failure   Level  Hunger
a - Beastly Appendage     Trmt           #.....       100%        1    #......


Dungeon Overview and Level Annotations

Branches:
Dungeon (3/15)

Altars:


Innate Abilities, Weirdness & Mutations

You cannot wear boots.
Your serpentine skin is tough (AC +1).
You have supernaturally acute eyesight.
Armour fits poorly on your strangely shaped body.
Your system is resistant to poisons.
You cover ground very slowly.
You have a slow metabolism.
You can spit poison.


Message History

The hippogriff looks more healthy.
Press: ? - help, Shift-Dir - straight line, f/p - hippogriff
Aim: a hippogriff (severely wounded)
The splash of poison misses the hippogriff.
You feel slightly more hungry.
The hippogriff bites you but does no damage.
The hippogriff pecks you but does no damage.
The hippogriff claws you.
* * * LOW HITPOINT WARNING * * *
You hit the hippogriff.
The hippogriff is severely wounded.
The hippogriff bites you.
* * * LOW HITPOINT WARNING * * *
The hippogriff pecks you.
* * * LOW HITPOINT WARNING * * *
The hippogriff barely misses you.
The hippogriff bites you but does no damage.
The hippogriff pecks you but does no damage.
The hippogriff claws you.
You die...

#.##.......#
##.##.......#
##...#.......##
#####..#..........#
##........#.....>..#
###.#.#.##.##........#
.......#.#.##........##
###.#.#.##.#####H###..#
##.......# #@# ##.#
##...#### #.# #.# #...#
#.# #.# #...# #.# #.#
#..... #.# #.# #. .##
#.# #.# #.# #.# #.# #.#
# #.# #.#


You could see a hippogriff.

Vanquished Creatures
  An orc priest (D:3)
  2 adders
  4 gnolls
  An ooze (D:1)
  A worm (D:2)
  6 orcs (D:3)
  3 bats
  6 goblins
  4 hobgoblins
  2 jackals (D:1)
  7 kobolds
  3 giant cockroaches
  3 giant newts
  2 quokkas
  3 rats
48 creatures vanquished.

Notes
Turn   | Place    | Note
--------------------------------------------------------------
     0 | D:1      | Britaniac the Naga Transmuter began the quest for the Orb.
     0 | D:1      | Reached XP level 1. HP: 18/18 MP: 3/3
   225 | D:1      | Reached XP level 2. HP: 20/25 MP: 5/5
   863 | D:1      | Reached XP level 3. HP: 23/31 MP: 6/6
  1526 | D:2      | Reached skill level 4 in Unarmed Combat
  1526 | D:2      | Reached XP level 4. HP: 17/38 MP: 7/7
  2075 | D:2      | Found a faded altar to an unknown god.
  2257 | D:3      | Reached skill level 1 in Armour
  2941 | D:3      | Reached XP level 5. HP: 44/44 MP: 8/8
  3043 | D:3      | Noticed a hippogriff
  3061 | D:3      | Slain by a hippogriff

Action                   |  1- 3 |  4- 6 || total
-------------------------+-------+-------++-------
Melee: Unarmed           |    48 |       ||    48
       Long sword        |     6 |    64 ||    70
 Abil: Spit Poison       |    32 |    31 ||    63
  Eat: Chunk             |     3 |     5 ||     8
